 Dungeon Crawl Stone Soup version 0.21-a0-203-gb066a6e (webtiles) character file.

107544 Blomdor the Severer (level 16, -10/204 HPs)
             Began as a Barachi Gladiator on Aug 20, 2017.
             Was the Champion of Okawaru.
             Mangled by Typerbomb's ghost (27 damage)
             ... on level 15 of the Dungeon.
             The game lasted 00:59:38 (26362 turns).

Blomdor the Severer (Barachi Gladiator)            Turns: 26362, Time: 00:59:38

Health: -10/204    AC: 32    Str: 22    XL:     16   Next: 47%
Magic:  14/19      EV:  2    Int:  8    God:    Okawaru [******]
Gold:   1361       SH: 14    Dex: 15    Spells: 15/15 levels left

rFire    . . .     SeeInvis .   p - +6 broad axe (freeze)
rCold    . . .     Gourm    .   R - +0 shield
rNeg     + + +     Faith    +   (armour currently unavailable)
rPois    +         Spirit   .   (helmet currently unavailable)
rElec    .         Reflect  .   (cloak currently unavailable)
rCorr    .         Harm     .   (gloves currently unavailable)
MR       +....     NoTele   +   (boots currently unavailable)
Stlth    ++........             z - amulet of faith
HPRegen  0.00/turn              T - +4 ring of protection
MPRegen  0.16/turn              c - ring of positive energy

@: tree-form, heroism, finesse, hasted, heavily drained, very quick
A: +LOS, swims, inhibited regeneration
a: Heroism, Finesse, Renounce Religion


You were on level 15 of the Dungeon.
You worshipped Okawaru.
Okawaru was exalted by your worship.
You were hungry.
You were a tree.
You visited 4 branches of the dungeon, and saw 24 of its levels.
You visited the Abyss 1 time.
You also visited: Labyrinth and Ice Cave.

You collected 3382 gold pieces.
You spent 2021 gold pieces at shops.

Inventory:

Hand Weapons
 p - a +6 broad axe of freezing (weapon)
 t - a +0 blowgun
 G - a +2 hand axe of flaming
Missiles
 V - 8 curare-tipped needles
Armour
 a - a +0 helmet of intelligence (melded)
 i - a +0 cloak (melded)
 m - +5 storm dragon scales (melded)
 C - a +2 pair of gloves of strength (melded)
 I - a +3 plate armour of fire resistance
 M - a +1 large shield of protection
 R - a +0 shield (worn)
 Y - a +2 pair of boots of flying (melded)
Jewellery
 c - a ring of positive energy (right branch)
 g - a +5 ring of evasion
 q - the ring "Cuosez" {rF+ Str+3}
   (You found it on level 5 of the Dungeon)

   [ring of protection from fire]

   It affects your strength (+3).
   It protects you from fire.
 r - a +2 ring of protection
 w - an uncursed amulet of harm {unknown}
 x - an uncursed ring of resist corrosion
 z - an amulet of faith (around neck)
 B - an uncursed ring of protection from cold
 E - an uncursed ring of poison resistance
 F - an uncursed ring of protection from fire
 K - an uncursed ring of ice
 T - a +4 ring of protection (left branch)
Wands
 H - a wand of polymorph (3/24)
 J - a wand of digging (11/24)
 U - a wand of digging (9/24)
 Z - a wand of digging (12/24)
Scrolls
 e - 3 scrolls of magic mapping
 h - 7 scrolls of immolation
 j - a scroll of blinking
 l - 2 scrolls of fog
 o - 4 scrolls of fear
 s - 7 scrolls of teleportation
 v - 8 scrolls of recharging
 y - 6 scrolls of remove curse
 L - a scroll of summoning {unknown}
Potions
 b - 3 potions of resistance
 d - 3 potions of magic
 k - 9 potions of agility
 O - 4 potions of invisibility
 P - 9 potions of curing
 W - 2 potions of haste
Miscellaneous
 A - a phantom mirror
 N - a box of beasts
 X - a sack of spiders
Comestibles
 f - 12 bread rations
 n - 26 royal jellies
 u - 6 meat rations
 Q - 5 chunks of flesh
 S - 28 fruits


   Skills:
 + Level 15.1(18.2) Fighting
 - Level 19.5(22.4) Axes
 - Level 2.1(5.7) Throwing
 + Level 14.5(17.6) Armour
 - Level 4.6(8.1) Dodging
 + Level 12.4(15.6) Shields
 - Level 4.0(2.7) Invocations


You had 15 spell levels left.
You didn't know any spells.

Dungeon Overview and Level Annotations

Branches:
Dungeon (15/15)            Temple (1/1) D:6            Lair (6/6) D:11
  Swamp (0/4) Lair:4       Spider (0/4) Lair:3        Slime (0/5) Lair:5
    Orc (2/2) D:12            Elf (0/3) Orc:2        Vaults (0/5) D:13
 Depths (0/5) D:15

Altars:
Ashenzari
Cheibriados
Elyvilon
Fedhas
Gozag
Hepliaklqana
Kikubaaqudgha
Makhleb
Nemelex Xobeh
Okawaru
Qazlal
Ru
Sif Muna
Trog
Uskayaw
Vehumet
Wu Jian
Xom
Yredelemnul
Zin
The Shining One

Shops:
D:10 !   Orc:2 =*[(

Annotations:
D:15 Typerbomb's ghost, journeyman MfGl
Lair:1 exclusion: 4 oklob plants


Innate Abilities, Weirdness & Mutations

Shadows flee at your approach. (+LOS)
You can swim through water.
((You cover ground slowly.))
((You can hop longer distances.))
((Armour fits poorly on your strangely shaped body.))
You do not regenerate when monsters are visible.


Message History

Typerbomb's ghost whispers, "Death is liberation."
Typerbomb's ghost completely misses you.
Unknown command.
You slash Typerbomb's ghost! You freeze Typerbomb's ghost.
Typerbomb's ghost is moderately damaged.
You completely miss Typerbomb's ghost.
Typerbomb's ghost is moderately damaged.
You closely miss Typerbomb's ghost.
Typerbomb's ghost is moderately damaged.
Typerbomb's ghost hits you!
* * * LOW HITPOINT WARNING * * *
You completely miss Typerbomb's ghost.
Typerbomb's ghost is moderately damaged.
You completely miss Typerbomb's ghost.
Typerbomb's ghost is moderately damaged.
Unknown command.
You completely miss Typerbomb's ghost.
Typerbomb's ghost is moderately damaged.
Typerbomb's ghost hits you!!
You die...

#.#§≈§≈≈≈.≈§≈≈≈.
#..§≈≈§≈...≈≈§§.
#####...≈#≈..§..≈#§.
#.....#.§≈≈≈)§§≈§≈§.
#......§§§≈≈≈§≈≈≈§≈§
###.##..≈.#≈.≈§§#.§§
#)##.....§≈.§≈.... #
#.#..#..≈≈.≈.≈≈..# #.
#♣#.###.........## ##.
#W#.# ####..#####
#..#######D#.# #.##
##........#F#.# ...
###.........#.#.# ...##
............#.#...######
#...........#####
#....?......#
##.......#..#####


You could see an eight-headed hydra, a bullfrog and Typerbomb's ghost.

Vanquished Creatures
  Rupert (Lair:5)
  Gastronok (Lair:3)
  A frost giant (IceCv)
  A fire giant (D:15)
  An orc warlord (Orc:2)
  2 entropy weavers (D:13)
  The ghost of anchorite the Basher, a journeyman HOFi of Beogh (Lair:5)
  A minotaur (Lab)
  2 crystal guardians (D:12)
  A fire dragon (Lair:6)
  7 hydras
  4 vault guards (D:13)
  3 centaur warriors
  An ogre mage (D:10)
  8 two-headed ogres
  2 catoblepae (Lair:4)
  A queen ant (D:13)
  2 tengu warriors (D:14)
  5 death yaks
  3 orc high priests (Orc:2)
  Nergalle (Lair:3)
  A deep elf knight (D:12)
  A sun demon (D:14)
  2 unseen horrors
  Pikel (D:5)
  4 orc knights (Orc:2)
  An orange crystal statue (D:12)
  A lindwurm (Lair:6)
  3 ugly things
  An oklob plant (Lair:5)
  6 orc sorcerers (Orc:2)
  5 deep elf magi
  A manticore (D:15)
  5 elephants (Lair:6)
  A cyclops (D:14)
  9 black mambas
  The ghost of killer1k the Basher, a novice MiBe of Trog (D:7)
  3 centaur zombies
  11 spiny frogs
  3 molten gargoyles (Lair:6)
  A gargoyle (D:14)
  A torpor snail (Lair:5)
  5 rime drakes
  An efreet (D:14)
  8 komodo dragons
  A tengu conjurer (D:14)
  An ice devil (D:14)
  A queen bee (Lair:2)
  7 trolls
  2 hornets
  3 meliai (D:13)
  15 polar bears (IceCv)
  Grinder (D:5)
  4 blink frogs (Lair:6)
  2 dream sheep (D:10)
  16 hippogriffs
  A centaur simulacrum (D:12)
  A tarantella (Lair:3)
  A vampire (D:14)
  7 basilisks
  A shadow (D:14)
  8 wyverns
  40 yaks
  A wraith (D:11)
  3 steam dragons
  A hog (shapeshifter) (D:13)
  4 hungry ghosts
  4 vampire mosquitoes (D:14)
  3 hell hounds (Lair:6)
  2 wargs (Orc:2)
  24 soldier ants
  Duvessa (D:6)
  An acid dragon (D:15)
  A naga (D:6)
  10 water moccasins
  10 porcupines
  7 sky beasts
  2 phantoms
  2 ice beasts (D:12)
  5 black bears
  3 eyes of draining
  9 ogres
  A necrophage (D:9)
  34 orc warriors
  34 wolves
  12 centaurs
  13 crocodiles
  4 big kobolds
  Blork the orc (D:5)
  17 bullfrogs
  A gnoll sergeant (D:5)
  Dowan (D:6)
  3 scorpions
  A wyvern skeleton (D:13)
  46 killer bees
  5 wights (D:10)
  6 howler monkeys
  2 electric eels (Lair:5)
  9 lava snakes
  9 crimson imps
  5 jellies
  18 orc priests
  4 centaur skeletons
  6 hounds
  Crazy Yiuf (D:6)
  20 orc wizards
  5 bullfrog skeletons
  4 iguanas
  30 worker ants
  A hell rat (Lair:2)
  A killer bee zombie (D:7)
  10 gnolls
  10 adders
  A river rat (Lair:2)
  A shadow imp (D:7)
  5 white imps
  An adder zombie (D:5)
  An adder skeleton (D:4)
  3 worms
  2 dart slugs
  4 leopard geckos
  82 orcs
  4 giant cockroaches
  2 goblins
  14 hobgoblins
  17 jackals
  12 kobolds
  6 quokkas
  2 ball pythons
  5 bats
  14 frilled lizards
  A leopard gecko zombie (D:5)
  A quokka skeleton (D:9)
  A quokka zombie (D:6)
  7 rats
  A bush (Lair:3)
  4 fungi
  5 plants
840 creatures vanquished.

Vanquished Creatures (others)
  An unseen horror (D:15)
  A crimson imp (D:5)
  A hound (D:6)
  2 orc wizards
  2 adders
  A dart slug (D:5)
  2 orcs
  A jackal (D:6)
  3 bushes (Lair:3)
  8 fungi
  15 plants
37 creatures vanquished.

Grand Total: 877 creatures vanquished

Notes
Turn   | Place    | Note
-------+----------+-------------------------------------------
     0 | D:1      | Blomdor the Barachi Gladiator began the quest for the Orb.
     0 | D:1      | Reached XP level 1. HP: 17/17 MP: 1/1
   112 | D:1      | Reached XP level 2. HP: 23/23 MP: 2/2
   272 | D:1      | Reached skill level 4 in Axes
   292 | D:1      | Reached XP level 3. HP: 21/28 MP: 3/3
   591 | D:2      | Found a shattered altar of Ashenzari.
   832 | D:2      | Reached XP level 4. HP: 34/34 MP: 4/4
   838 | D:2      | Reached skill level 5 in Axes
  1585 | D:3      | Found an ornate altar of the Wu Jian Council.
  1849 | D:4      | Reached XP level 5. HP: 31/39 MP: 5/5
  1981 | D:4      | Found a blossoming altar of Fedhas.
  2162 | D:4      | Reached skill level 6 in Axes
  2247 | D:4      | Found a deep blue altar of Sif Muna.
  2700 | D:4      | Noticed a centaur
  2709 | D:4      | Killed a centaur
  2709 | D:4      | Reached skill level 7 in Axes
  2709 | D:4      | Reached XP level 6. HP: 42/46 MP: 6/6
  2890 | D:5      | Entered Level 5 of the Dungeon
  2891 | D:5      | Noticed Pikel
  2891 | D:5      | Noticed a slave
  2891 | D:5      | Noticed a slave
  2891 | D:5      | Noticed a slave
  2891 | D:5      | Noticed a slave
  2908 | D:5      | Killed Pikel
  2908 | D:5      | Reached skill level 9 in Axes
  2908 | D:5      | Reached XP level 7. HP: 36/51 MP: 7/7
  2927 | D:5      | Noticed Grinder
  2950 | D:5      | Killed Grinder
  2950 | D:5      | Reached skill level 1 in Armour
  2950 | D:5      | Reached XP level 8. HP: 58/58 MP: 8/8
  3136 | D:5      | Found a bloodstained altar of Trog.
  3204 | D:5      | Got a steaming iron ring
  3376 | D:5      | Reached skill level 10 in Axes
  3415 | D:5      | Identified the ring "Cuosez" {rF+ Str+3} (You found it on level 5 of the Dungeon)
  3706 | D:5      | Noticed Blork the orc
  3719 | D:5      | Killed Blork the orc
  3757 | D:6      | Found a staircase to the Ecumenical Temple.
  3772 | Temple   | Entered the Ecumenical Temple
  3921 | Temple   | Became a worshipper of Warmaster Okawaru
  4177 | D:6      | Found a glowing silver altar of Zin.
  4202 | D:6      | Noticed Duvessa
  4202 | D:6      | Noticed Dowan
  4220 | D:6      | Cast into level 1 of the Abyss (Duvessa)
  4247 | Abyss:1  | Noticed an ancient zyme
  4261 | D:6      | Escaped the Abyss
  4271 | D:6      | Killed Duvessa
  4271 | D:6      | Reached skill level 1 in Invocations
  4273 | D:6      | Killed Dowan
  4532 | D:6      | Found an ancient bone altar of Kikubaaqudgha.
  4594 | D:6      | Reached XP level 9. HP: 29/67 MP: 10/10
  4597 | D:6      | Reached skill level 5 in Fighting
  4605 | D:6      | Reached * piety under Okawaru
  5227 | D:6      | Found a runed door.
  5231 | D:6      | Noticed Crazy Yiuf
  5239 | D:6      | Killed Crazy Yiuf
  5399 | D:7      | Found a sacrificial altar of Ru.
  5405 | D:7      | Noticed killer1k's ghost (novice MiBe)
  5444 | D:7      | Killed killer1k's ghost
  5444 | D:7      | Reached skill level 11 in Axes
  5529 | D:7      | Found a radiant altar of Vehumet.
  5953 | D:8      | Reached skill level 5 in Armour
  6156 | D:8      | Reached ** piety under Okawaru
  6332 | D:8      | Found a shimmering altar of Xom.
  6333 | D:8      | Found a shimmering altar of Xom.
  6336 | D:8      | Found a shimmering altar of Xom.
  6503 | D:8      | Reached XP level 10. HP: 72/77 MP: 12/12
  6566 | D:8      | Found a bloodstained altar of Trog.
  6757 | D:9      | Reached skill level 12 in Axes
  6816 | D:9      | Found a glowing golden altar of the Shining One.
  7146 | D:9      | Reached *** piety under Okawaru
  7217 | D:10     | Entered Level 10 of the Dungeon
  7290 | D:10     | Reached skill level 1 in Shields
  7631 | D:10     | Noticed an ogre mage
  7738 | D:10     | Killed an ogre mage
  7738 | D:10     | Reached **** piety under Okawaru
  7760 | D:10     | Reached skill level 13 in Axes
  8033 | D:10     | Found Qeoteg's Distillery.
  8039 | D:10     | Bought a potion of curing for 36 gold pieces
  8116 | D:10     | Reached XP level 11. HP: 86/86 MP: 14/14
  8126 | D:10     | Reached ***** piety under Okawaru
  8275 | D:10     | Noticed a three-headed hydra
  8280 | D:10     | Killed a one-headed hydra
  8350 | D:10     | Got a pitted halberd
  8351 | D:10     | Identified the +6 halberd "Mopnemul" {freeze, *Corrode +Rage Int+5} (You found it on level 10 of the Dungeon)
  9026 | D:11     | Noticed a two-headed ogre
  9036 | D:11     | Killed a two-headed ogre
  9038 | D:11     | Reached skill level 5 in Shields
  9156 | D:11     | Reached skill level 14 in Axes
  9265 | D:11     | Noticed a death yak
  9269 | D:11     | Noticed a death yak
  9269 | D:11     | Noticed a death yak
  9273 | D:11     | Received a gift from Okawaru
  9280 | D:11     | Killed a death yak
  9290 | D:11     | Killed a death yak
  9290 | D:11     | Reached XP level 12. HP: 34/96 MP: 15/15
  9292 | D:11     | Killed a death yak
  9598 | D:11     | Found a staircase to the Lair.
 10008 | D:12     | Found a staircase to the Orcish Mines.
 10027 | D:12     | Reached skill level 10 in Fighting
 10101 | D:12     | Noticed a two-headed ogre
 10107 | D:12     | Killed a two-headed ogre
 10154 | D:12     | Noticed a two-headed ogre
 10158 | D:12     | Killed a two-headed ogre
 10158 | D:12     | Reached skill level 15 in Axes
 10526 | D:12     | Noticed a six-headed hydra
 10539 | D:12     | Killed a one-headed hydra
 10539 | D:12     | Reached skill level 10 in Armour
 10578 | D:12     | Found a runed door.
 10583 | D:12     | Noticed a crystal guardian
 10583 | D:12     | Noticed a crystal guardian
 10700 | Orc:1    | Entered Level 1 of the Orcish Mines
 10778 | Orc:2    | Entered Level 2 of the Orcish Mines
 10798 | Orc:2    | Received a gift from Okawaru
 10842 | Orc:2    | HP: 4/98 [poisoned by an orc warrior]
 10847 | Orc:2    | HP: 4/98 [poisoned by an orc warrior]
 10854 | Orc:2    | HP: 3/98 [poisoned by an orc warrior]
 10862 | Orc:2    | HP: 3/98 [poisoned by an orc warrior]
 11244 | Orc:2    | Paralysed by an orc sorcerer for 3 turns
 11452 | Orc:2    | Found a staircase to the Elven Halls.
 12428 | Orc:2    | Noticed an orc warlord
 12458 | Orc:2    | Killed an orc warlord
 12458 | Orc:2    | Gained mutation: You can hop longer distances. [Barachi growth]
 12458 | Orc:2    | Reached XP level 13. HP: 67/106 MP: 10/16
 12485 | Orc:2    | Reached skill level 16 in Axes
 13540 | Orc:2    | Gained mutation: You are occasionally teleported next to monsters. [a neqoxec]
 13820 | Orc:2    | Found Jeoro's General Store.
 13821 | Orc:2    | Found Zyn Jira's Jewellery Emporium.
 13823 | Orc:2    | Found Pisoxo's Antique Armour Emporium.
 13823 | Orc:2    | Found Wyutu's Antique Weapon Shoppe.
 13851 | Orc:2    | Bought a scroll of identify for 28 gold pieces
 13851 | Orc:2    | Bought a scroll of identify for 28 gold pieces
 13851 | Orc:2    | Bought a scroll of teleportation for 42 gold pieces
 13851 | Orc:2    | Bought a potion of invisibility for 112 gold pieces
 13852 | Orc:2    | Bought an uncursed amulet of faith for 640 gold pieces
 13862 | Orc:2    | Bought a pair of glowing gloves for 195 gold pieces
 13862 | Orc:2    | Bought a glowing plate armour for 676 gold pieces
 14010 | Orc:1    | Received a gift from Okawaru
 14315 | D:12     | Received a gift from Okawaru
 14529 | D:12     | Killed a crystal guardian
 14545 | D:12     | Killed a crystal guardian
 14786 | D:12     | Received a gift from Okawaru
 15161 | D:10     | Bought a potion of curing for 36 gold pieces
 15161 | D:10     | Bought a potion of curing for 36 gold pieces
 15161 | D:10     | Bought a potion of curing for 36 gold pieces
 15161 | D:10     | Bought a potion of curing for 36 gold pieces
 15161 | D:10     | Bought a potion of curing for 36 gold pieces
 15161 | D:10     | Bought a potion of curing for 36 gold pieces
 15161 | D:10     | Bought a potion of agility for 48 gold pieces
 15193 | Lair:1   | Entered Level 1 of the Lair of Beasts
 15647 | Lair:1   | Reached skill level 17 in Axes
 15984 | Lair:2   | Reached XP level 14. HP: 108/115 MP: 17/17
 16186 | Lair:2   | Received a gift from Okawaru
 17155 | Lair:3   | Noticed Rupert
 17180 | Lair:3   | Noticed Nergalle
 17187 | Lair:3   | Killed Nergalle
 17728 | Lair:3   | Found a hole to the Spider Nest.
 18068 | Lair:3   | Noticed Gastronok
 18083 | Lair:3   | Killed Gastronok
 18083 | Lair:3   | Received a gift from Okawaru
 18310 | Lair:4   | Found a frozen archway.
 18345 | Lair:4   | Lost mutation: You are occasionally teleported next to monsters. [potion of mutation]
 18345 | Lair:4   | Gained mutation: You are dopey. (Int -2) [potion of mutation]
 18345 | Lair:4   | Gained mutation: Armour fits poorly on your strangely shaped body. [potion of mutation]
 18345 | Lair:4   | Gained mutation: You do not regenerate when monsters are visible. [potion of mutation]
 18345 | Lair:4   | Lost mutation: You are dopey. (Int -2) [potion of mutation]
 18347 | IceCv    | Entered an ice cave
 18604 | IceCv    | Reached skill level 10 in Shields
 19169 | IceCv    | Noticed a frost giant
 19183 | IceCv    | Reached skill level 18 in Axes
 19191 | IceCv    | Killed a frost giant
 19211 | IceCv    | Received a gift from Okawaru
 19647 | Lair:4   | HP: 1/118 [spiny frog (11)]
 20139 | Lair:4   | Found a staircase to the Swamp.
 20578 | Lair:5   | Noticed Nessos
 20586 | Lair:5   | Noticed Nessos
 20586 | Lair:5   | Nessos changed into Nessos the torpor snail
 20592 | Lair:5   | Killed Nessos the torpor snail
 20592 | Lair:5   | Reached XP level 15. HP: 113/124 MP: 18/18
 20619 | Lair:5   | Identified a scroll of acquirement
 20620 | Lair:5   | Got a shimmering chain mail
 20621 | Lair:5   | Identified the +5 chain mail of Pragmatism {rElec} (You acquired it on level 5 of the Lair of Beasts)
 20623 | Lair:5   | Noticed anchorite's ghost (journeyman HOFi)
 20643 | Lair:5   | Killed anchorite's ghost
 21202 | Lair:5   | Paralysed by Rupert for 2 turns
 21205 | Lair:5   | Killed Rupert
 21502 | Lair:5   | Found a staircase to the Slime Pits.
 21685 | Lair:6   | Entered Level 6 of the Lair of Beasts
 21754 | Lair:6   | Reached ****** piety under Okawaru
 21765 | Lair:6   | Received a gift from Okawaru
 22383 | Lair:6   | Found a large runed door.
 22383 | Lair:6   | Found a large runed door.
 23292 | Lair:6   | Reached skill level 19 in Axes
 23663 | D:13     | Found a labyrinth entrance.
 23673 | Lab      | Entered a labyrinth
 24031 | D:13     | Received a gift from Okawaru
 24091 | D:13     | Received a gift from Okawaru
 24392 | D:13     | Found a gate to the Vaults.
 24417 | D:13     | Reached XP level 16. HP: 118/134 MP: 19/19
 24426 | D:13     | Received a gift from Okawaru
 24685 | D:13     | Received a gift from Okawaru
 26031 | D:14     | Reached skill level 15 in Fighting
 26060 | D:15     | Entered Level 15 of the Dungeon
 26060 | D:15     | Found a staircase to the Depths.
 26311 | D:15     | Noticed Typerbomb's ghost (journeyman MfGl)
 26362 | D:15     | Mangled by Typerbomb's ghost

Vault maps used:
D:1:      ncdulo_lavacross, minivault_23
D:2:      evilmike_ruin_ashenzari
D:3:      overflow_temple_1_default, first_bread, minmay_lizard_king
D:4:      fedhas_altar_1, corexii_checkpoint_b, lemuel_statue_altar
D:5:      lightli_temple_of_fire, kennysheep_generic_room_10, uniq_pikel,
          uniq_blork_the_orc, uniq_grinder
D:6:      kennysheep_mini, minmay_temple_entry_statues_pillars, basic_altar,
          uniq_crazy_yiuf_cottage, uniq_duvessa
D:7:      vehumet_altar_wand_db, basic_altar
D:8:      xom_shifter_show, trog_eyes_of_draining
D:9:      tso_metal_star
D:10:     kennysheep_big_flooded_room, serial_shops, shop_statue,
          hangedman_ranch, hangedman_abyss_or_decor_passed
D:11:     dpeg_lair_monsters
D:12:     four-leaf_vault, minmay_crystal_box
D:13:     lightli_vaults_fourway_checkpoint, lab_entry_generic,
          grunt_ministairs_1, minivault_29
D:14:     columned_hall_lemuel, minmay_fire_ice_demons
D:15:     grunt_enter_depths_giant_problem, basic_altar,
          serial_co_window_serial, co_window_paths_a, co_window_corner_a,
          co_window_corner_a, co_window_paths_a, co_window_paths_a,
          co_window_cross_4, co_window_cross_3, co_window_2corner,
          co_window_paths_c, co_window_4corner_b, glass_columns_c,
          glass_columns_b, glass_columns_a, glass_columns_c
Temple:   minmay_temple_curvy_branch
Lair:1:   minmay_lair_oklob_chamber
Lair:2:   regret_index_bee_streams, grunt_forest_small_clearing_treed,
          lemuel_fruit_fields, grunt_megastairs_2, infiniplex_staircase_pool
Lair:3:   spider_nest_entry_rubble, serial_forest,
          infiniplex_forest_lined_corner, infiniplex_forest_lined_ring,
          infiniplex_forest_zigzag_2, infiniplex_forest_clump_curved,
          infiniplex_forest_clump_long, infiniplex_forest_lined_2, uniq_rupert,
          uniq_nergalle, uniq_gastronok
Lair:4:   swamp_mist_pool, portal_ice_cave_entry_pillars_1,
          minmay_stone_trees_large, st_stairs_11, lemuel_fruit_tree
Lair:5:   dpeg_slime_entry_corner, serial_bayou_shore_a, grunt_megastairs_1,
          uniq_nessos
Lair:6:   cheibrodos_lair_end_hotspot, hangedman_lair_unloving_vines,
          serial_bayou_shore_b
Orc:2:    st_orc_congregation
Lab:      labyrinth_green, labyrinth_skeletal_remains, lab_statue
IceCv:    ice_cave_caverns_03

Skill      XL: |  1  2  3  4  5  6  7  8  9 10 11 12 13 14 15 16 |
---------------+-------------------------------------------------+-----
Axes           | 4 5 7 9 10 11 13 14 15 17 18 19 | 19.5
Fighting       | 3 4 6 8 9 11 12 13 14 15 | 15.1
Armour         | 1 3 5 7 9 10 11 12 13 14 | 14.5
Dodging        | 4 |  4.6
Invocations    | 1 3 4 |  4.0
Shields        | 3 5 7 9 10 11 12 | 12.4
Throwing       | |  2.1

Action                   |  1- 3 |  4- 6 |  7- 9 | 10-12 | 13-15 | 16-18 || total
-------------------------+-------+-------+-------+-------+-------+-------++-------
Melee: War axe           |    85 |   155 |   308 |   530 |   438 |       ||  1516
       Punch             |       |       |     1 |     1 |     8 |       ||    10
       Hand axe          |       |       |       |    15 |    46 |       ||    61
       Broad axe         |       |       |       |       |   750 |   261 ||  1011
 Fire: Blowgun           |       |       |       |       |     7 |       ||     7
Throw: Throwing net      |       |       |     5 |       |       |       ||     5
Invok: Heroism           |       |       |     3 |     6 |    16 |     3 ||    28
       Finesse           |       |       |       |     1 |     2 |     1 ||     4
 Abil: Hop               |       |       |     1 |     1 |     4 |     1 ||     7
Evoke: Wand              |       |       |     3 |     2 |     4 |       ||     9
       Sack of spiders   |       |       |       |       |     1 |       ||     1
  Use: Potion            |       |     5 |     2 |     1 |     9 |     4 ||    21
       Scroll            |       |     6 |     7 |     5 |    34 |     1 ||    53
 Stab: Sleeping          |     1 |       |       |       |       |       ||     1
       Held in net/web   |       |       |     2 |       |       |       ||     2
  Eat: Chunk             |       |     7 |    14 |    16 |    43 |     7 ||    87
       Fruit             |       |       |       |     6 |       |       ||     6
Armor: Leather armour    |    22 |    22 |       |       |       |       ||    44
       Chain mail        |       |    39 |   140 |       |       |       ||   179
       Skin              |       |       |     4 |       |     3 |     4 ||    11
       Plate armour      |       |       |    15 |   369 |   386 |       ||   770
       Storm dragon scal |       |       |       |       |   282 |   116 ||   398
Dodge: Dodged            |    68 |   118 |   120 |   244 |   443 |    71 ||  1064
Block: Shield            |       |       |       |       |   170 |   139 ||   309
